 Dungeon Crawl Stone Soup version 0.31.0-12-g77e489cdc1 (webtiles) character file.

Game seed: 9495534655516918426

509489 Ijustatesigmund the Gnoll Aeon (level 24, -17/195 HPs)
             Began as a Gnoll Conjurer on Mar 1, 2024.
             Was the Champion of Cheibriados.
             Killed from afar by a purple draconian (26 damage)
             ... with a bolt of dispelling energy
             ... in a wizard's laboratory on Mar 6, 2024.
             The game lasted 04:05:15 (87839 turns).

Ijustatesigmund the Gnoll Aeon (Gnoll Conjurer)    Turns: 87839, Time: 04:05:16

Health: -17/195    AC: 27    Str: 22    XL:     24   Next: 71%
Magic:  43/44      EV: 31    Int: 51    God:    Cheibriados [******]
Gold:   3791       SH: 19    Dex: 31    Spells: 16/58 levels left

rFire   + . .        y - +9 broad axe (elec)
rCold   + . .        a - +3 warlock's mirror {omnireflect}
rNeg    . . .        X - +5 faerie dragon scales {rCorr SInv}
rPois   .            r - +0 helmet {Int+3}
rElec   .            H - scarf {rC+ rF+}
rCorr   +            n - +2 pair of gloves {Str+3}
SInv    +            L - +1 pair of boots {Fly}
Will    +....        j - amulet of reflection
Stlth   +++++++      z - ring of wizardry
HPRegen 0.52/turn    o - +6 ring of intelligence
MPRegen 0.29/turn

%: reflection, wizardry (x1)
@: flying, studying 2 skills, very slow
A: fangs 1, strong nose, distributed training, iridescent scales 2, agile 1,
weak 1
}: 4/15 runes: decaying, serpentine, slimy, silver
a: Renounce Religion, Bend Time, Temporal Distortion, Slouch, Step From Time


You were in a wizard's laboratory.
You worshipped Cheibriados.
Cheibriados was exalted by your worship.
You visited 10 branches of the dungeon, and saw 45 of its levels.
You visited the Abyss 1 time.
You also visited: Ice Cave and Wizlab.

You collected 6223 gold pieces.
You spent 2432 gold pieces at shops.

Inventory:

Hand Weapons
 g - a +5 demon blade of freezing
 y - a +9 broad axe of electrocution (weapon)
Armour
 a - the +3 warlock's mirror (worn) {omnireflect}
   (You bought it in a shop on level 2 of the Orcish Mines)

   Omnireflect: It can block and reflect piercing ranged attacks and magical
   attacks against the wielder's willpower.
 n - a +2 pair of gloves of strength (worn)
 r - a +0 helmet of intelligence (worn)
 H - a scarf of resistance (worn)
 J - the +4 skin of Zhor {*Englaciate rC+++ SInv}
   (You bought it in a shop on level 3 of the Snake Pit)

   *Englaciate: It radiates cold, occasionally slowing all nearby creatures who
   are not resistant to cold.
   rC+++:     It renders you almost immune to cold.
   SInv:      It lets you see invisible.
 L - a +1 pair of boots of flying (worn)
 X - the +5 faerie dragon scales (worn) {rCorr SInv}
   (You took it off the Enchantress on level 2 of the Depths)

   SInv:      It lets you see invisible.
   rCorr:     It protects you from acid and corrosion.
Jewellery
 h - the ring of Mistrust {rF+ Will- Str-2 Int+7 SInv}
   (You found it on level 5 of the Pits of Slime)

   [ring of see invisible]

   Str-2:     It affects your strength (-2).
   Int+7:     It affects your intelligence (+7).
   rF+:       It protects you from fire.
   Will-:     It decreases your willpower.
   SInv:      It lets you see invisible.
 j - an amulet of reflection (around neck)
 o - a +6 ring of intelligence (right hand)
 s - the amulet of Hexeas {RegenMP rN+}
   (You took it off a yaktaur on level 5 of the Vaults)

   [amulet of magic regeneration]

   RegenMP:   It increases your rate of magic regeneration.
   rN+:       It protects you from negative energy.
 w - the ring of the Firefly {rElec rPois rF+}
   (You took it off a vault warden on level 5 of the Vaults)

   [ring of protection from fire]

   rF+:       It protects you from fire.
   rElec:     It insulates you from electricity.
   rPois:     It protects you from poison
 z - a ring of wizardry (left hand)
 K - the ring of Wik Ris {Fly rElec rC+++ rN+ Str-4}
   (You found it on level 5 of the Pits of Slime)

   [ring of flight]

   Str-4:     It affects your strength (-4).
   rC+++:     It renders you almost immune to cold.
   rElec:     It insulates you from electricity.
   rN+:       It protects you from negative energy.
   Fly:       It grants you flight.
 U - a +4 ring of slaying
Wands
 e - a wand of digging (8)
 l - a wand of mindburst (10)
 m - a wand of polymorph (6)
 D - a wand of charming (27)
 I - a wand of roots (36)
 T - a wand of light (12)
Scrolls
 c - 8 scrolls of teleportation
 f - 4 scrolls of fog
 k - 2 scrolls of silence
 q - 3 scrolls of poison
 x - a scroll of blinking
 E - 5 scrolls of torment
 F - 2 scrolls of fear
 N - 21 scrolls of identify
 O - 9 scrolls of immolation
 Q - 2 scrolls of amnesia
 V - a scroll of butterflies
Potions
 b - 5 potions of magic
 i - 9 potions of brilliance
 p - 2 potions of attraction
 t - 5 potions of cancellation
 u - 6 potions of enlightenment
 v - 6 potions of lignification
 A - 7 potions of resistance
 B - 3 potions of heal wounds
 C - 11 potions of curing
 G - 2 potions of mutation
 M - 2 potions of invisibility
 P - 3 potions of berserk rage
 S - 5 potions of might
 Y - a potion of ambrosia
Miscellaneous
 d - a lightning rod (4/4)
 W - a phantom mirror
 Z - a condenser vane


   Skills:
 + Level 17.0 Fighting
 + Level 17.0 Short Blades
 + Level 17.0 Long Blades
 + Level 17.0 Axes
 + Level 17.0 Maces & Flails
 + Level 18.1 Polearms
 + Level 17.0 Staves
 + Level 17.0 Ranged Weapons
 + Level 17.0 Throwing
 + Level 17.0 Armour
 + Level 17.6 Dodging
 + Level 17.5 Stealth
 + Level 17.0 Shields
 + Level 17.0 Unarmed Combat
 + Level 17.7 Spellcasting
 + Level 17.2 Conjurations
 + Level 14.5 Hexes
 + Level 14.5 Summonings
 + Level 14.5 Necromancy
 + Level 14.5 Translocations
 + Level 14.5 Fire Magic
 + Level 14.5 Ice Magic
 + Level 14.5 Air Magic
 + Level 14.5 Earth Magic
 + Level 14.5 Alchemy
 + Level 18.5 Invocations
 + Level 17.0 Evocations
 + Level 15.7 Shapeshifting


You had 16 spell levels left.
You knew the following spells:

 Your Spells              Type           Power      Damage    Failure   Level
a - Magic Dart            Conj           100%       1d8       0%          1
b - Searing Ray           Conj           100%       2d8       0%          2
c - Iskenderun's Mystic   Conj/Tloc      100%       2d19      0%          4
d - Sticky Flame          Fire/Alch      100%       2d15      0%          4
e - Freezing Cloud        Conj/Ice/Air   58%        6-21      0%          5
f - Ignite Poison         Fire/Alch      100%       N/A       0%          4
g - Passwall              Erth           100%       N/A       0%          3
h - Summon Cactus Giant   Summ           57%        N/A       1%          6
i - Borgnjor's Vile Clut  Necr/Erth      57%        N/A       1%          5
j - Lehudib's Crystal Sp  Conj/Erth      59%        10d14     1%          8

Your spell library contained the following spells:

 Spells                   Type           Power      Damage    Failure   Level
 Apportation              Tloc           100%       N/A       0%          1
 Freeze                   Ice            100%       1d10      0%          1
 Necrotise                Necr           100%       1d9       0%          1
 Sandblast                Erth           100%       2d20      0%          1
 Slow                     Hex            100%       N/A       0%          1
 Sting                    Conj/Alch      100%       1d9       0%          1
 Summon Small Mammal      Summ           100%       N/A       0%          1
 Call Imp                 Summ           100%       N/A       0%          2
 Ensorcelled Hibernation  Hex/Ice        100%       N/A       0%          2
 Jinxbite                 Hex            100%       N/A       0%          2
 Lesser Beckoning         Tloc           100%       N/A       0%          2
 Scorch                   Fire           100%       2d9       0%          2
 Static Discharge         Conj/Air       100%       3-8/arc   0%          2
 Sublimation of Blood     Necr           100%       N/A       0%          2
 Call Canine Familiar     Summ           100%       N/A       0%          3
 Frozen Ramparts          Ice            100%       1d16      0%          3
 Fugue of the Fallen      Necr           100%       N/A       0%          3
 Gell's Gravitas          Tloc           100%       N/A       0%          3
 Hailstorm                Conj/Ice       100%       3d16      0%          3
 Ozocubu's Armour         Ice            100%       N/A       0%          3
 Sigil of Binding         Hex            100%       N/A       0%          3
 Stone Arrow              Conj/Erth      100%       3d13      0%          3
 Summon Ice Beast         Ice/Summ       100%       N/A       0%          3
 Swiftness                Air            100%       N/A       0%          3
 Tukima's Dance           Hex            100%       N/A       0%          3
 Vampiric Draining        Necr           100%       2d13      0%          3
 Volatile Blastmotes      Fire/Tloc      100%       2d18      0%          3
 Airstrike                Air            57%        2d(9-25)  0%          4
 Anguish                  Hex/Necr       57%        N/A       0%          4
 Animate Armour           Summ/Erth      100%       N/A       0%          4
 Brom's Barrelling Bould  Conj/Erth      100%       2d11      0%          4
 Cause Fear               Hex            57%        N/A       0%          4
 Dimensional Bullseye     Hex/Tloc       57%        N/A       0%          4
 Flame Wave               Conj/Fire      100%       2d21      0%          4
 Fulminant Prism          Conj/Alch      59%        3d25      0%          4
 Manifold Assault         Tloc           100%       N/A       0%          4
 Martyr's Knell           Necr/Summ      100%       N/A       0%          4
 Passage of Golubria      Tloc           100%       N/A       0%          4
 Summon Lightning Spire   Summ/Air       100%       N/A       0%          4
 Vhi's Electric Charge    Tloc/Air       100%       N/A       0%          4
 Arcjolt                  Conj/Air       59%        1d69      0%          5
 Fireball                 Conj/Fire      59%        3d23      0%          5
 Alistair's Intoxication  Alch           76%        N/A       1%          5
 Curse of Agony           Necr           100%       N/A       1%          5
 Lee's Rapid Deconstruct  Erth           57%        3d26*     1%          5
 Summon Forest            Summ/Tloc      57%        N/A       1%          5
 Summon Mana Viper        Hex/Summ       100%       N/A       1%          5
 Yara's Violent Unravell  Hex/Alch       57%        3d22      1%          5
 Conjure Ball Lightning   Conj/Air       59%        3x3d21    1%          6
 Dispersal                Tloc           57%        N/A       1%          6
 Eringya's Noxious Bog    Alch           57%        4d6       1%          6
 Sculpt Simulacrum        Ice/Alch       57%        N/A       1%          6
 Enfeeble                 Hex            57%        N/A       1%          7
 Haunt                    Necr/Summ      57%        N/A       1%          7
 Monstrous Menagerie      Summ           57%        N/A       1%          7
 Ozocubu's Refrigeration  Ice            57%        4d20      1%          7
 Summon Hydra             Summ           57%        N/A       1%          7
 Borgnjor's Revivificati  Necr           57%        N/A       3%          8
 Disjunction              Tloc           57%        N/A       3%          8
 Ignition                 Fire           57%        3d16      3%          8
 Maxwell's Capacitive Co  Air            57%        ∞         3%          8
 Chain Lightning          Conj/Air       59%        3d78      28%         9
 Fire Storm               Conj/Fire      59%        8d15      28%         9
 Death's Door             Necr           57%        N/A       43%         9
 Dragon's Call            Summ           57%        N/A       43%         9
 Polar Vortex             Ice            57%        12d7*     43%         9
 Shatter                  Erth           57%        3d43*     43%         9


Dungeon Overview and Level Annotations

Branches:
Dungeon (15/15)            Temple (1/1) D:5            Lair (5/5) D:8
  Swamp (4/4) Lair:3        Snake (4/4) Lair:3        Slime (5/5) Lair:4
    Orc (2/2) D:11            Elf (1/3) Orc:2        Vaults (5/5) D:13
  Crypt (0/3) Vaults:2     Depths (3/4) D:15          IceCv (visited)
 WizLab (1/1)

Altars:
Ashenzari
Cheibriados
Dithmenos
Elyvilon
Fedhas
Gozag
Hepliaklqana
Kikubaaqudgha
Makhleb
Nemelex Xobeh
Okawaru
Qazlal
Ru
Sif Muna
Trog
Uskayaw
Vehumet
Wu Jian
Xom
Yredelemnul
Zin
The Shining One
Lugonu

Shops:
D:14 *   Orc:2 [*(!   Elf:1 !   Snake:3 [:(   Vaults:1 (   Vaults:2 [
Vaults:3 *   Vaults:4 (

Portals:
Hell: Depths:1 Depths:2 Depths:3
Abyss: Depths:3
Pandemonium: Depths:2
Ziggurat: Depths:3

Annotations:
D:4 3 runed translucent doors, riffraff's ghost, amateur MiFi WizLab exclusion: statue


Innate Abilities, Weirdness & Mutations

You have very sharp teeth.
Your uncanny sense of smell can sniff out nearby items.
Your experience applies equally to all skills.
You are mostly covered in iridescent scales. (AC +4)
You are agile. (Dex +4, Str/Int -1)
You are weak. (Str -2)


Message History

Aim: a purple draconian, wielding a +0 trident (moderately wounded, not watching you, ally target, chance to affect: 1%)
The purple draconian resists with almost no effort.
The purple draconian breathes dispelling energy at you.
The bolt of dispelling energy misses you.
The tengu conjurer mumbles some strange words.
The tengu conjurer conjures a globe of magical energy!
Your tengu conjurer casts a spell.
Your tengu conjurer conjures a globe of magical energy!
A purple draconian comes into view. It is wielding a +0 war axe.
A battlesphere comes into view.
The purple draconian hits your battlesphere with a +0 trident!!
Your battlesphere is destroyed!
Your tengu conjurer hits the purple draconian.
Your tengu conjurer pecks the purple draconian but does no damage.
Your tengu conjurer claws the purple draconian but does no damage.
A tengu conjurer comes into view. x2
The conjurer statue conjures an orb of pure magic.
The tengu conjurer points at you and mumbles some strange words.
The bolt of lightning hits your tengu conjurer!!
Your tengu conjurer dies!
The bolt of lightning misses you.
A battlesphere comes into view.
You hear a roar!
You hear a shout!
You hear a roar!
You hear a shout! x2
You hear a roar!
An orb of destruction comes into view.
The purple draconian attacks as it pursues you!
You block the purple draconian's attack.
The conjurer statue conjures an orb of pure magic.
The purple draconian breathes dispelling energy at you.
Your +3 warlock's mirror {omnireflect} blocks the bolt of dispelling energy... and reflects it back!
The bolt of dispelling energy hits the battlesphere!!
You destroy the battlesphere!
The bolt of dispelling energy hits the purple draconian!!
The purple draconian completely misses you.
An orb of destruction comes into view.
The orb of destruction hits you!!!
* * * LOW HITPOINT WARNING * * *
The purple draconian breathes dispelling energy at you.
The bolt of dispelling energy hits you!!
You die...

.##..... .... ## #.......
....# ##.###...... ...*Q# .
∆ #.#.#....... ......#
.#####.#.#†..[....
.....Qd###.....###.........
.......Q#.##.##.#....†)....
..8○○○....#...#......††....
......○*d○@................
.................[.........
...........................
............#..........#.##
.#.#.#.#.#.#§#.#.#.#.#.#.#§
#.#.#.#.#.##§##.#.#.#.#.#.#
# ######## ################


You could see 2 draconians, 3 tengu conjurers and a battlesphere (distracted).

Vanquished Creatures
  the Royal Jelly (Slime:5)
  Frederick (Vaults:4)
  A dread lich (Vaults:5)
  A juggernaut (Depths:3)
  2 caustic shrikes
  5 golden dragons
  the Enchantress (Depths:2)
  A Hell Sentinel (Depths:2)
  3 tentacled monstrosities
  3 hellephants (Depths:2)
  5 liches
  2 walking earthen tomes (Depths:2)
  4 titans
  Asterion (D:15)
  An ancient champion (Vaults:2)
  2 quicksilver dragons (Vaults:5)
  4 sphinxes
  22 acid blobs
  Frances (Swamp:2)
  2 walking divine tomes
  2 tengu reavers
  6 rockslimes
  Aizul (Elf:1)
  4 shadow dragons
  Kirke (Elf:1)
  Roxanne (D:15)
  2 storm dragons (Vaults:5)
  8 azure jellies
  6 frost giants
  3 iron dragons
  7 fire giants
  5 nagarajas
  4 balrugs
  10 vault wardens
  Louise (Elf:1)
  3 orc warlords
  An angel (Abyss:3)
  12 quicksilver oozes
  16 ironbound preservers
  3 ghouls (Swamp:4)
  2 spriggan defenders (Depths:2)
  5 ironbound thunderhulks
  10 stone giants
  A vampire knight (Vaults:2)
  2 formless jellyfish
  11 very ugly things
  9 war gargoyles
  4 deep elf death magi
  Snorg (Lair:4)
  7 bunyips
  11 dire elephants
  3 deep elf annihilators
  A purple draconian (WizLab)
  7 spark wasps
  A statue (WizLab)
  2 merfolk javelineers (Depths:3)
  A merfolk impaler (Depths:3)
  4 entropy weavers
  10 ettins
  3 shambling mangroves
  5 crystal guardians
  2 jiangshi (Vaults:2)
  3 fire dragons
  11 great orbs of eyes
  5 deep elf high priests
  An ice dragon (Depths:3)
  14 yaktaur captains
  32 vault guards
  32 hydras
  3 peacekeepers
  4 anacondas
  9 ghost crabs
  2 ogre magi
  5 spriggan air magi
  A rakshasa (Depths:2)
  3 catoblepae
  6 centaur warriors
  A two-headed ogre (shapeshifter) (Vaults:5)
  7 ironbound frosthearts
  A death yak (Lair:3)
  15 two-headed ogres
  11 deep troll shamans
  4 tengu warriors
  8 boulder beetles
  A sphinx skeleton (Vaults:3)
  14 alligators
  13 naga warriors
  4 deep troll earth magi
  4 shock serpents
  8 hell hogs
  8 occultists
  A demonic crawler (D:14)
  10 hell knights
  8 spriggan berserkers
  8 naga sharpshooters
  A vampire mage (Depths:2)
  A soul eater (Depths:3)
  3 skysharks
  7 iron trolls
  A salamander mystic (Snake:2)
  3 shadow wraiths
  6 sea snakes (Snake:4)
  8 goliath frogs
  4 spriggan druids
  5 glowing orange brains
  A deep troll (shapeshifter) (Vaults:5)
  4 mana vipers
  2 sun moths (Depths:2)
  2 arcanists
  11 bog bodies
  2 naga ritualists (Snake:4)
  50 deep trolls
  21 ironbound convokers
  2 flayed ghosts
  A tengu zombie (Vaults:1)
  9 lindwurms
  10 swamp dragons
  6 phantasmal warriors (Vaults:5)
  8 harpies (Vaults:1)
  2 deep elf archers (Elf:1)
  A harpy (shapeshifter) (D:15)
  3 deep elf pyromancers (Elf:1)
  A steelbarb worm (shapeshifter) (Vaults:5)
  A sphinx simulacrum (D:15)
  3 orc sorcerers
  6 deep elf zephyrmancers
  11 orc knights
  12 ugly things
  A shadow dragon skeleton (Vaults:1)
  11 shining eyes
  6 oklob plants
  4 necromancers
  6 manticores
  A stone giant zombie (Vaults:1)
  A faun (shapeshifter) (Vaults:3)
  9 meliai
  2 human zombies
  2 stone giant skeletons
  2 will-o-the-wisps
  7 salamanders
  2 ice statues (IceCv)
  5 cyclopes
  A meliai (shapeshifter) (Vaults:5)
  13 naga magi
  16 elephants
  A water nymph (shapeshifter) (Vaults:5)
  2 kobold blastminers
  An apocalypse crab (Abyss:3)
  3 smoke demons
  20 black mambas
  13 vault sentinels
  8 guardian serpents
  2 molten gargoyles (Depths:2)
  2 gargoyles
  An orange demon (Abyss:3)
  31 cane toads
  An eye of devastation (shapeshifter) (Vaults:5)
  A large abomination (Abyss:3)
  2 torpor snails (Swamp:4)
  37 yaktaurs
  4 freezing wraiths
  A kobold demonologist (D:12)
  16 komodo dragons
  A hellion (Depths:3)
  Psyche (D:9)
  2 rime drakes (Lair:3)
  An efreet (D:15)
  6 tengu conjurers (WizLab)
  A queen bee (Lair:5)
  11 trolls
  24 hornets
  4 polar bears
  A shadow dragon simulacrum (Vaults:3)
  A glass eye (shapeshifter) (Vaults:5)
  A hellwing (Abyss:3)
  2 tengu simulacra
  11 tyrant leeches
  A dream sheep (Lair:3)
  15 blink frogs
  2 glass eyes (Depths:3)
  A deep troll skeleton (Vaults:3)
  2 jumping spiders (Vaults:3)
  An air elemental (Elf:1)
  86 slime creatures
  A culicivora (Vaults:3)
  15 water elementals
  A ynoxinul (Abyss:3)
  8 wyverns
  70 yaks
  2 wraiths
  19 spriggans
  An elf zombie (Vaults:1)
  An ettin skeleton (Vaults:1)
  7 golden eyes
  5 hogs (Elf:1)
  4 humans (D:13)
  2 wargs (Vaults:5)
  2 steam dragons
  19 vampire mosquitoes
  6 basilisks
  5 redbacks
  24 swamp worms
  41 nagas
  A glowing shapeshifter zombie (Vaults:1)
  An acid dragon (D:13)
  A nameless horror (Lair:4)
  30 water moccasins
  10 swamp drakes
  3 ice beasts
  An ogre (shapeshifter) (D:13)
  26 orc warriors
  2 black bears (Lair:1)
  7 laughing skulls
  26 ogres
  A boggart (Vaults:2)
  12 wolves
  A boggart (shapeshifter) (D:14)
  A phantom (D:5)
  16 centaurs
  8 kobold brigands
  2 gnoll sergeants
  23 bullfrogs
  An earth elemental (Elf:1)
  2 scorpions
  8 wights
  24 killer bees
  13 electric eels
  4 howler monkeys
  5 crimson imps
  2 bombardier beetles (D:5)
  A quasit (Abyss:3)
  Crazy Yiuf (D:3)
  4 hounds
  2 jellies
  11 orc priests
  A gnoll bouda (D:5)
  6 iguanas
  16 orc wizards
  A sleepcap (D:6)
  Natasha (D:3)
  2 wolf simulacra (IceCv)
  17 gnolls
  11 adders
  5 shadow imps
  2 white imps (D:5)
  2 ufetubi (D:6)
  2 dart slugs
  2 ribbon worms
  71 orcs
  8 bats
  12 endoplasms
  4 giant cockroaches
  6 hobgoblins
  4 jackals
  3 quokkas
  3 training dummies (Snake:3)
  5 ball pythons
  2 frilled lizards (D:1)
  4 goblins
  21 kobolds
  4 rats
  A butterfly (Lair:2)
  2 spectral weapons (Orc:2)
1837 creatures vanquished.

Vanquished Creatures (collateral kills)
  A vault warden (Vaults:2)
  An ironbound preserver (Vaults:5)
  An ice dragon (Depths:3)
  An anaconda (Snake:4)
  2 boulder beetles (D:14)
  2 naga warriors (Snake:3)
  A naga sharpshooter (Snake:1)
  A mana viper (Snake:4)
  A sea snake (Snake:4)
  A necromancer (Vaults:2)
  A naga mage (Snake:1)
  A black mamba (Snake:1)
  A guardian serpent (Snake:4)
  A vault sentinel (Vaults:1)
  A molten gargoyle (Depths:2)
  2 tengu conjurers (WizLab)
  An elf skeleton (Vaults:2)
  3 nagas
  A glowing shapeshifter zombie (Vaults:2)
  An acid dragon (D:13)
  A centaur (D:9)
26 creatures vanquished.

Vanquished Creatures (others)
  A war gargoyle (Vaults:4)
  A vault guard (Vaults:5)
  An ice dragon (Depths:3)
  A hydra (Swamp:4)
  An ogre mage (Orc:2)
  A naga warrior (Snake:2)
  A naga sharpshooter (Snake:4)
  A demonic crawler (D:14)
  A sun demon (Depths:1)
  An ugly thing (IceCv)
  A will-o-the-wisp (Swamp:2)
  A cane toad (Lair:4)
  3 tengu conjurers (WizLab)
  A komodo dragon (Lair:3)
  A bloated husk (Swamp:1)
  A naga (Snake:4)
  A bullfrog (Lair:4)
  A killer bee (Lair:5)
  3 gnolls
  25 foxfires
  5 spectral weapons
53 creatures vanquished.

Grand Total: 1916 creatures vanquished

Notes
Turn   | Place    | Note
-------+----------+-------------------------------------------
     0 | D:1      | Ijustatesigmund the Gnoll Conjurer began the quest for the
                  | Orb.
     0 | D:1      | Reached XP level 1. HP: 13/13 MP: 6/6
   209 | D:1      | Found a faded altar of an unknown god.
   210 | D:1      | Noticed a shining eye
   218 | D:1      | Reached XP level 2. HP: 19/19 MP: 4/7
   221 | D:1      | Learned a level 2 spell: Searing Ray
   246 | D:1      | Noticed a shining eye
   403 | D:1      | Noticed a great orb of eyes
   403 | D:1      | Noticed a glass eye
  1139 | D:2      | Reached skill level 5 in Spellcasting
  1139 | D:2      | Reached XP level 3. HP: 25/25 MP: 4/9
  1256 | D:2      | Reached skill level 1 in Invocations
  1645 | D:2      | Reached skill level 1 in Fighting
  1645 | D:2      | Reached skill level 1 in Short Blades
  1645 | D:2      | Reached skill level 1 in Long Blades
  1645 | D:2      | Reached skill level 1 in Axes
  1645 | D:2      | Reached skill level 1 in Maces & Flails
  1645 | D:2      | Reached skill level 1 in Polearms
  1645 | D:2      | Reached skill level 1 in Staves
  1645 | D:2      | Reached skill level 1 in Ranged Weapons
  1645 | D:2      | Reached skill level 1 in Throwing
  1645 | D:2      | Reached skill level 1 in Armour
  1645 | D:2      | Reached skill level 1 in Shields
  1645 | D:2      | Reached skill level 1 in Unarmed Combat
  1645 | D:2      | Reached skill level 1 in Evocations
  2346 | D:3      | Reached skill level 1 in Shapeshifting
  2346 | D:3      | Reached XP level 4. HP: 32/32 MP: 1/11
  2628 | D:3      | Learned a level 4 spell: Iskenderun's Mystic Blast
  2717 | D:3      | Noticed Natasha
  2722 | D:3      | Killed Natasha
  2723 | D:3      | Reached skill level 1 in Hexes
  2723 | D:3      | Reached skill level 1 in Summonings
  2723 | D:3      | Reached skill level 1 in Necromancy
  2723 | D:3      | Reached skill level 1 in Translocations
  2723 | D:3      | Reached skill level 1 in Fire Magic
  2723 | D:3      | Reached skill level 1 in Ice Magic
  2723 | D:3      | Reached skill level 1 in Air Magic
  2723 | D:3      | Reached skill level 1 in Earth Magic
  2723 | D:3      | Reached skill level 1 in Alchemy
  3060 | D:3      | Found a snail-covered altar of Cheibriados.
  3098 | D:3      | Found an iron altar of Okawaru.
  3115 | D:3      | Became a worshipper of Cheibriados the Contemplative
  3243 | D:3      | Found a blossoming altar of Fedhas.
  3410 | D:3      | Found a runed translucent door.
  3411 | D:3      | Noticed Crazy Yiuf
  3417 | D:3      | Killed Crazy Yiuf
  3418 | D:3      | Reached XP level 5. HP: 16/37 MP: 7/12
  3751 | D:3      | Identified the +0 hammer of World Downfall {freeze, rF+ rC+
                  | Dex+2}
  4213 | D:4      | Reached * piety under Cheibriados
  4430 | D:4      | Found a runed translucent gate.
  4430 | D:4      | Found a runed translucent gate.
  4431 | D:4      | Found a runed translucent gate.
  4440 | D:4      | Noticed riffraff's ghost (amateur MiFi)
  4476 | D:4      | Reached XP level 6. HP: 37/44 MP: 4/14
  5005 | D:5      | Entered Level 5 of the Dungeon
  5040 | D:5      | Reached skill level 5 in Dodging
  5078 | D:5      | Noticed a water moccasin
  5087 | D:5      | Killed a water moccasin
  5233 | D:5      | Reached XP level 7. HP: 47/50 MP: 15/15
  5419 | D:5      | Identified the +1 short sword of Gluttony {heavy, rN+
                  | rCorr}
  5537 | D:5      | Found a white marble altar of Elyvilon.
  5667 | D:5      | Reached skill level 5 in Stealth
  6115 | D:5      | Reached ** piety under Cheibriados
  6133 | D:5      | Reached XP level 8. HP: 22/58 MP: 9/17
  6499 | D:5      | HP: 1/58 [poisoned by a water moccasin]
  6760 | D:5      | Found a staircase to the Ecumenical Temple.
  6781 | Temple   | Entered the Ecumenical Temple
  6855 | D:5      | Found a shadowy altar of Dithmenos.
  7587 | D:6      | Reached XP level 9. HP: 35/65 MP: 13/18
  7810 | D:6      | Reached *** piety under Cheibriados
  8691 | D:6      | Found a shimmering altar of Xom.
  9661 | D:7      | Found a bloodstained altar of Trog.
  9947 | D:7      | Reached skill level 5 in Invocations
 10252 | D:7      | Reached **** piety under Cheibriados
 10392 | D:8      | Reached skill level 5 in Fighting
 10392 | D:8      | Reached skill level 5 in Short Blades
 10392 | D:8      | Reached skill level 5 in Long Blades
 10392 | D:8      | Reached skill level 5 in Axes
 10392 | D:8      | Reached skill level 5 in Maces & Flails
 10392 | D:8      | Reached skill level 5 in Polearms
 10392 | D:8      | Reached skill level 5 in Staves
 10392 | D:8      | Reached skill level 5 in Ranged Weapons
 10392 | D:8      | Reached skill level 5 in Throwing
 10392 | D:8      | Reached skill level 5 in Armour
 10392 | D:8      | Reached skill level 5 in Shields
 10392 | D:8      | Reached skill level 5 in Unarmed Combat
 10392 | D:8      | Reached skill level 5 in Evocations
 10392 | D:8      | Reached XP level 10. HP: 64/74 MP: 4/20
 11754 | D:8      | Found a staircase to the Lair.
 11865 | D:8      | Found a burning altar of Makhleb.
 11993 | D:9      | Noticed Psyche
 11997 | D:9      | Noticed a two-headed ogre
 11999 | D:9      | Killed Psyche
 12000 | D:9      | Reached skill level 5 in Shapeshifting
 12006 | D:9      | Killed a two-headed ogre
 12413 | D:9      | Reached ***** piety under Cheibriados
 12565 | D:9      | Noticed a two-headed ogre
 12852 | D:9      | Killed a two-headed ogre
 12873 | D:9      | Noticed a six-headed hydra
 12881 | D:9      | Killed a six-headed hydra
 12882 | D:9      | Reached skill level 5 in Hexes
 12882 | D:9      | Reached skill level 5 in Summonings
 12882 | D:9      | Reached skill level 5 in Necromancy
 12882 | D:9      | Reached skill level 5 in Translocations
 12882 | D:9      | Reached skill level 5 in Fire Magic
 12882 | D:9      | Reached skill level 5 in Ice Magic
 12882 | D:9      | Reached skill level 5 in Air Magic
 12882 | D:9      | Reached skill level 5 in Earth Magic
 12882 | D:9      | Reached skill level 5 in Alchemy
 12882 | D:9      | Reached XP level 11. HP: 43/81 MP: 5/23
 12937 | D:9      | Noticed a centaur warrior
 13792 | D:10     | Entered Level 10 of the Dungeon
 13903 | D:10     | Noticed a two-headed ogre
 13911 | D:10     | Killed a two-headed ogre
 14890 | D:10     | Gained mutation: You are partially covered in iridescent
                  | scales. (AC +2) [potion of mutation]
 14890 | D:10     | Gained mutation: You are mostly covered in iridescent
                  | scales. (AC +4) [potion of mutation]
 14914 | D:11     | Learned a level 4 spell: Sticky Flame
 14942 | D:11     | Found a frozen archway.
 14950 | IceCv    | Entered an ice cave
 15038 | IceCv    | Found a transporter.
 15042 | IceCv    | Noticed a white ugly thing
 15059 | IceCv    | Found a transporter.
 15068 | IceCv    | Killed a white ugly thing
 15210 | D:11     | Noticed a manticore
 15216 | D:11     | Killed a manticore
 15373 | D:11     | Noticed a boulder beetle
 15391 | D:11     | Killed a boulder beetle
 15392 | D:11     | Reached XP level 12. HP: 91/91 MP: 3/24
 15944 | D:11     | Reached ****** piety under Cheibriados
 16043 | D:11     | Found a staircase to the Orcish Mines.
 16750 | D:12     | Noticed a boulder beetle
 16773 | D:12     | Killed a boulder beetle
 16856 | D:12     | Noticed a two-headed ogre
 16862 | D:12     | Killed a two-headed ogre
 17119 | D:12     | Noticed a two-headed ogre
 17126 | D:12     | Killed a two-headed ogre
 17476 | D:13     | Noticed a centaur warrior
 17480 | D:13     | Killed a centaur warrior
 17721 | D:13     | Noticed a vault guard
 17725 | D:13     | Noticed a vault guard
 17726 | D:13     | Noticed an ironbound thunderhulk
 17990 | Lair:1   | Entered Level 1 of the Lair of Beasts
 18029 | Lair:1   | Reached XP level 13. HP: 88/98 MP: 26/26
 18591 | Lair:1   | Reached skill level 10 in Conjurations
 18914 | Lair:1   | Identified the +2 war axe of the Boiling Point {holy,
                  | Str+4}
 19180 | Lair:1   | Reached skill level 10 in Spellcasting
 19759 | Lair:2   | Reached skill level 10 in Dodging
 20310 | Lair:2   | Reached skill level 10 in Stealth
 20918 | Lair:3   | Found a staircase to the Snake Pit.
 20928 | Lair:3   | Reached XP level 14. HP: 76/108 MP: 28/28
 20934 | Lair:3   | Reached skill level 10 in Invocations
 21163 | Lair:3   | Found a staircase to the Swamp.
 22796 | Lair:4   | Noticed Snorg
 22811 | Lair:4   | Killed Snorg
 23716 | Lair:4   | Found a staircase to the Slime Pits.
 25252 | Lair:5   | Entered Level 5 of the Lair of Beasts
 26440 | Lair:5   | Identified the amulet of Nounou Aroa {RegenMP Harm *Slow
                  | rElec Will-}
 26821 | Lair:5   | Reached skill level 10 in Fighting
 26821 | Lair:5   | Reached skill level 10 in Short Blades
 26821 | Lair:5   | Reached skill level 10 in Long Blades
 26821 | Lair:5   | Reached skill level 10 in Axes
 26821 | Lair:5   | Reached skill level 10 in Maces & Flails
 26821 | Lair:5   | Reached skill level 10 in Polearms
 26821 | Lair:5   | Reached skill level 10 in Staves
 26821 | Lair:5   | Reached skill level 10 in Ranged Weapons
 26821 | Lair:5   | Reached skill level 10 in Throwing
 26821 | Lair:5   | Reached skill level 10 in Armour
 26821 | Lair:5   | Reached skill level 10 in Shields
 26821 | Lair:5   | Reached skill level 10 in Unarmed Combat
 26821 | Lair:5   | Reached skill level 10 in Evocations
 27131 | Lair:5   | Reached XP level 15. HP: 110/115 MP: 26/30
 28566 | Orc:1    | Entered Level 1 of the Orcish Mines
 29382 | Orc:2    | Entered Level 2 of the Orcish Mines
 29391 | Orc:2    | Found Ehat's Distillery.
 29391 | Orc:2    | Found a staircase to the Elven Halls.
 30262 | Orc:2    | Found Bidumoru's Weapon Boutique.
 30479 | Orc:2    | Bought 2 potions of heal wounds for 100 gold pieces
 30479 | Orc:2    | Bought a potion of heal wounds for 50 gold pieces
 30488 | Orc:2    | Found Xoivozim's Assorted Antiques.
 30489 | Orc:2    | Found Doroyt's Armour Emporium.
 30497 | Orc:2    | Bought a small marble ring for 125 gold pieces
 30502 | Orc:2    | Bought the +3 warlock's mirror {omnireflect} for 640 gold
                  | pieces
 30502 | Orc:2    | Found the +3 warlock's mirror {omnireflect}
 32210 | D:13     | Found a gate to the Vaults.
 33086 | D:14     | Reached skill level 10 in Shapeshifting
 33564 | D:14     | Found Niewatom's Assorted Antiques.
 33631 | D:14     | Found an ancient bone altar of Kikubaaqudgha.
 33671 | D:14     | Reached XP level 16. HP: 118/124 MP: 20/32
 33975 | D:15     | Entered Level 15 of the Dungeon
 34520 | D:15     | Noticed Roxanne
 34549 | D:15     | Killed Roxanne
 35265 | D:15     | Found a staircase to the Depths.
 35581 | D:15     | Identified a scroll of acquirement
 35582 | D:15     | Acquired Sif Muna's Spellbook of Forceful Position
 35590 | D:15     | Learned a level 5 spell: Freezing Cloud
 35880 | Depths:1 | Entered Level 1 of the Depths
 35880 | Depths:1 | Noticed Asterion
 35892 | Depths:1 | Noticed a shadow dragon
 35895 | D:15     | Killed Asterion
 36013 | D:15     | Killed a shadow dragon
 36550 | Depths:1 | Noticed a lich
 38766 | Swamp:1  | Entered Level 1 of the Swamp
 38781 | Swamp:1  | Reached XP level 17. HP: 93/133 MP: 22/33
 39229 | Swamp:1  | Reached skill level 10 in Hexes
 39229 | Swamp:1  | Reached skill level 10 in Summonings
 39229 | Swamp:1  | Reached skill level 10 in Necromancy
 39229 | Swamp:1  | Reached skill level 10 in Translocations
 39229 | Swamp:1  | Reached skill level 10 in Fire Magic
 39229 | Swamp:1  | Reached skill level 10 in Ice Magic
 39229 | Swamp:1  | Reached skill level 10 in Air Magic
 39229 | Swamp:1  | Reached skill level 10 in Earth Magic
 39229 | Swamp:1  | Reached skill level 10 in Alchemy
 39234 | Swamp:1  | Learned a level 4 spell: Ignite Poison
 39238 | Swamp:1  | Learned a level 3 spell: Passwall
 41016 | Swamp:2  | Found an ornate altar of the Wu Jian Council.
 41303 | Swamp:2  | Noticed Frances
 41323 | Swamp:2  | Killed Frances
 43460 | Swamp:4  | Entered Level 4 of the Swamp
 43767 | Swamp:4  | Identified the +1 spear "Begor" {pain, rN+}
 44638 | Swamp:4  | Reached XP level 18. HP: 140/141 MP: 35/35
 45300 | Swamp:4  | Got a decaying rune of Zot
 45741 | Lair:3   | Learned a level 6 spell: Summon Cactus Giant
 47099 | Snake:1  | Entered Level 1 of the Snake Pit
 49643 | Snake:3  | Found Luniroci's Firing Range.
 50016 | Snake:3  | Found Didiyssu's Armour Shop.
 50028 | Snake:3  | Bought the +4 skin of Zhor {*Englaciate rC+++ SInv} for
                  | 1197 gold pieces
 50028 | Snake:3  | Found the +4 skin of Zhor {*Englaciate rC+++ SInv}
 50810 | Snake:3  | Found Idecint's Tiny Tomes.
 51498 | Snake:4  | Entered Level 4 of the Snake Pit
 52172 | Snake:4  | Got the Exposition on Misty Generation
 52515 | Snake:4  | Reached XP level 19. HP: 109/149 MP: 22/37
 53634 | Snake:4  | Got a serpentine rune of Zot
 54009 | Vaults:1 | Entered Level 1 of the Vaults
 55244 | Vaults:1 | Found Niugiy Jairph's Weapon Shop.
 55780 | Vaults:1 | You are sucked into a shaft and drop 1 floor!
 55793 | Vaults:2 | Found Riergh's Antique Armour Boutique.
 56486 | Vaults:2 | Reached skill level 15 in Invocations
 57088 | Vaults:2 | Reached XP level 20. HP: 158/158 MP: 38/38
 58154 | Vaults:2 | Found a staircase to the Crypt.
 59643 | Vaults:3 | Reached skill level 15 in Spellcasting
 60441 | Vaults:3 | Reached skill level 15 in Dodging
 61340 | Vaults:3 | Reached skill level 15 in Stealth
 61537 | Vaults:3 | Found Hiceitol's General Store.
 61637 | Vaults:4 | Found Xyruacse's Weapon Shoppe.
 62902 | Vaults:4 | Reached XP level 21. HP: 143/166 MP: 26/40
 64224 | Vaults:4 | Identified the orb of Dim Qing {light, Str-5 Dex+3 Summ
                  | Ice}
 64224 | Vaults:4 | Noticed Frederick
 65648 | Depths:1 | Found a gateway to Hell.
 65841 | Depths:1 | Identified the +12 plate armour of the Sun {rF+ rN+}
 67009 | Depths:1 | Reached skill level 15 in Fighting
 67009 | Depths:1 | Reached skill level 15 in Short Blades
 67009 | Depths:1 | Reached skill level 15 in Long Blades
 67009 | Depths:1 | Reached skill level 15 in Axes
 67009 | Depths:1 | Reached skill level 15 in Maces & Flails
 67009 | Depths:1 | Reached skill level 15 in Polearms
 67009 | Depths:1 | Reached skill level 15 in Staves
 67009 | Depths:1 | Reached skill level 15 in Ranged Weapons
 67009 | Depths:1 | Reached skill level 15 in Throwing
 67009 | Depths:1 | Reached skill level 15 in Armour
 67009 | Depths:1 | Reached skill level 15 in Shields
 67009 | Depths:1 | Reached skill level 15 in Unarmed Combat
 67009 | Depths:1 | Reached skill level 15 in Evocations
 67237 | Depths:2 | Learned a level 5 spell: Borgnjor's Vile Clutch
 67790 | Depths:2 | Noticed the Enchantress
 67796 | Depths:2 | Killed the Enchantress
 67797 | Depths:2 | Found a one-way gate leading to the halls of Pandemonium.
 68472 | Depths:2 | Reached XP level 22. HP: 115/175 MP: 42/42
 69339 | Depths:2 | Noticed a caustic shrike
 69348 | Depths:2 | Killed a caustic shrike
 69481 | Depths:2 | Identified the +4 leather armour of Noughts and Crosses
                  | {SInv}
 69484 | Depths:2 | Acquired 811 gold pieces
 70515 | Depths:2 | Identified the staff "Abyrim" {rC+ Will+ Str+4 Conj}
 70528 | Depths:2 | Got the Papyrus of the Plateau
 70748 | Depths:2 | Identified the +0 leather armour of the Harvest {Int+2}
 70969 | Depths:1 | Learned a level 8 spell: Lehudib's Crystal Spear
 71282 | Slime:1  | Entered Level 1 of the Pits of Slime
 71294 | Slime:2  | Reached skill level 15 in Conjurations
 74084 | Slime:5  | Entered Level 5 of the Pits of Slime
 75332 | Slime:5  | Gained mutation: You are frail. (-10% HP) [a shining eye]
 75729 | Slime:5  | Gained mutation: Potions are less effective at restoring
                  | your health. [a shining eye]
 75736 | Slime:5  | Noticed the Royal Jelly
 76103 | Slime:5  | Gained mutation: You are weak. (Str -2) [a shining eye]
 76161 | Slime:5  | Killed the Royal Jelly
 76162 | Slime:5  | Reached XP level 23. HP: 78/164 MP: 2/43
 77186 | Slime:5  | Identified the +3 glaive of Pupnopn {heavy, ^Drain rC++
                  | Stlth+}
 77582 | Slime:5  | Identified the ring of Mistrust {rF+ Will- Str-2 Int+7
                  | SInv}
 77600 | Slime:5  | Identified the +2 ring mail "Neumagy" {rC- Str+3 Int+2
                  | SInv}
 77620 | Slime:5  | Got a slimy rune of Zot
 77687 | Slime:5  | Identified the +12 hand axe "Feifin" {freeze, rF+ Str+3}
 77701 | Slime:5  | Identified the +2 flail "Mesm" {antimagic, rPois rC+ SInv}
 77714 | Slime:5  | Identified the +9 battleaxe of the Countless Suns {flame,
                  | rElec rF- rCorr Str+2}
 77733 | Slime:5  | Identified the amulet "Laqiry" {Faith Harm Will+}
 77741 | Slime:5  | Identified the ring of Wik Ris {Fly rElec rC+++ rN+ Str-4}
 78338 | Lair:1   | Lost mutation: Potions are less effective at restoring your
                  | health. [potion of mutation]
 78338 | Lair:1   | Lost mutation: You are mostly covered in iridescent scales.
                  | (AC +4) [potion of mutation]
 78338 | Lair:1   | Lost mutation: You are frail. (-10% HP) [potion of
                  | mutation]
 78338 | Lair:1   | Gained mutation: You are agile. (Dex +4, Str/Int -1)
                  | [potion of mutation]
 78338 | Lair:1   | Gained mutation: You are mostly covered in iridescent
                  | scales. (AC +4) [potion of mutation]
 78882 | Depths:3 | Found a one-way gateway to a ziggurat.
 79104 | Depths:3 | Found a shimmering blue altar of Sif Muna.
 79114 | Depths:3 | Got Sif Muna's Quarto of the Fair Folk
 79212 | Depths:3 | Noticed a golden dragon
 79219 | Depths:3 | Noticed a golden dragon
 79223 | Depths:3 | Killed a golden dragon
 79226 | Depths:3 | Noticed a juggernaut
 79239 | Depths:3 | Noticed a caustic shrike
 79244 | Depths:3 | Killed a golden dragon
 79611 | Depths:3 | Noticed a golden dragon
 79615 | Depths:3 | Killed a golden dragon
 80116 | Depths:3 | Killed a caustic shrike
 80683 | Depths:3 | Killed a juggernaut
 80684 | Depths:3 | Reached skill level 15 in Shapeshifting
 81027 | Depths:3 | Found a corrupted altar of Lugonu.
 81027 | Depths:3 | Found a one-way gate to the infinite horrors of the Abyss.
 81336 | Vaults:5 | Entered Level 5 of the Vaults
 83019 | Vaults:5 | Noticed a golden dragon
 83035 | Vaults:5 | Identified the ring of the Firefly {rElec rPois rF+}
 83146 | Vaults:5 | Reached XP level 24. HP: 142/193 MP: 41/44
 83326 | Vaults:4 | Killed Frederick
 84748 | Vaults:5 | Noticed a dread lich
 85051 | Vaults:5 | Killed a dread lich
 85698 | Vaults:5 | Identified the +3 battleaxe "Fiw Ruos" {vamp, rC+}
 85721 | Vaults:5 | Got a silver rune of Zot
 86634 | Vaults:5 | Identified the amulet of Hexeas {RegenMP rN+}
 86706 | Vaults:5 | Identified the +6 great sword of Crusades {speed, *Rage
                  | rN++ Will++ Int-5}
 86901 | Vaults:5 | Identified the +0 cloak "Rekhesm" {rN+++ Str-5 Dex+5
                  | Stlth-}
 87370 | Elf:1    | Entered Level 1 of the Elven Halls
 87373 | Elf:1    | Paralysed by an air elemental for 1 turns
 87383 | Elf:1    | Noticed Kirke
 87393 | Elf:1    | Killed Kirke
 87395 | Elf:1    | Noticed Louise
 87396 | Abyss:3  | Cast into level 3 of the Abyss (Louise)
 87518 | Abyss:3  | Found a corrupted altar of Lugonu.
 87551 | Elf:1    | Escaped the Abyss
 87554 | Elf:1    | Killed Louise
 87585 | Elf:1    | Found Jotokhloy's Distillery.
 87598 | Elf:1    | Bought a potion of might for 64 gold pieces
 87598 | Elf:1    | Bought a potion of might for 64 gold pieces
 87598 | Elf:1    | Bought a potion of might for 64 gold pieces
 87598 | Elf:1    | Bought a potion of curing for 48 gold pieces
 87598 | Elf:1    | Bought a potion of heal wounds for 80 gold pieces
 87688 | Elf:1    | Identified the serpent talisman of Ru's Righteous Anger
                  | {rF++ rCorr}
 87688 | Elf:1    | Noticed Aizul
 87707 | Elf:1    | Killed Aizul
 87746 | Elf:1    | Found a magical portal.
 87769 | WizLab   | Entered Iskenderun's Mystic Tower
 87839 | WizLab   | HP: 9/195 [disintegration (56)]
 87839 | WizLab   | Killed from afar by a purple draconian

Illustrated notes

Levels and vault maps discovered:
D:1:      lightli_arrival_statuegarden, layout_loops_cross,
          hellmonk_ecumenical_altar_watching_god
D:2:      layout_loops_corners, minmay_pentomino_w4
D:3:      layout_basic, nicolae_overflow_crystal_walls,
          mainiacjoe_overflow_concentric_impassable,
          lemuel_coloured_pillars_altar, minmay_fractal_squares_diagonal_5,
          uniq_crazy_yiuf_cottage, uniq_natasha
D:4:      layout_loops_ring, gammafunk_ghost_split, minivault_11,
          serial_library_hellmonk_reading_circle,
          amcnicky_mini_rare_corridor_liquid, st_stairs_8
D:5:      layout_basic, lemuel_crystal_altar, grunt_dithmenos_shadows,
          lemuel_temple_firewalk_b, st_stairs_2, minmay_tree_intersection,
          minmay_fractal_squares_5
D:6:      layout_layer_cave, led_xom_imps, minmay_misc_feat_plants
D:7:      layout_cave_pools, mainiacjoe_overflow_boulevard, lightli_minifort
D:8:      layout_gridville, makhleb_grotto_becter, lair_entry_dummy
D:9:      layout_roguey, nicolae_doodle_vault, uniq_psyche
D:10:     layout_basic
D:11:     layout_loops_cross, minmay_orc_entry_temple_small,
          portal_ice_cave_entry_pillars_2
D:12:     layout_roguey [special_room_orc]
D:13:     layout_rooms, hellmonk_vaults_keyhole
D:14:     layout_long_grid, kiku_gazebo_garden_becter, serial_shops, shop,
          einodemon_crawler_minivault
D:15:     grunt_enter_depths_snipers, layout_loops_ring,
          minmay_misc_feat_enclosed, chequers_jeans, uniq_roxanne
Temple:   nicolae_temple_bog_church
Lair:1:   layout_roguey, beast_lair_carwin_3
Lair:2:   layout_regular_city, serial_bayou_shore_a, grunt_megastairs_4,
          lemuel_fruit_fields
Lair:3:   nzn_winding_woodlands_huge [nzn_winding_woodlands_5x15_garden,
          nzn_winding_woodlands_5x15_sidewinder,
          nzn_winding_woodlands_5x15_river_crossing,
          nzn_winding_woodlands_5x15_twine,
          nzn_winding_woodlands_5x15_pathside_ponds,
          nzn_winding_woodlands_5x15_crooked,
          nzn_winding_woodlands_5x15_lazy_stream,
          nzn_winding_woodlands_5x15_jagged,
          nzn_winding_woodlands_5x15_split_checker,
          nzn_winding_woodlands_5x15_pockets,
          nzn_winding_woodlands_center_lodge,
          nzn_winding_woodlands_center_pierced_h,
          nzn_winding_woodlands_15x15_boxy_spiral], layout_cave_pods,
          minmay_swamp_entry_worms, minmay_snake_entry_guardpost_small
Lair:4:   cheibrodos_lair_river_kwai, layout_loops_ring,
          minmay_slime_entry_oklob_open, chequers_serial_rivers_large_b,
          uniq_snorg
Lair:5:   minmay_lair_end_frog_pond, layout_misc_corridors, serial_bayou,
          serial_bayou_pond_e, serial_bayou_pond_c, serial_bayou_pond_c,
          serial_bayou_shore_b, serial_bayou_pond_c, special_room
          [special_room_bee]
Swamp:1:  layout_basic_swamp, evilmike_swamp_ruin_house_2, swamp_pool_1_2,
          st_shrine_of_shade
Swamp:2:  layout_falls_marsh, basic_altar, uniq_frances
Swamp:3:  layout_basic_swamp, infiniplex_staircase_pool
Swamp:4:  swamp_basic_johnstein, layout_basic_swamp, swamp_pool_3,
          nicolae_swamp_round_clearing, worms_lemuel
Snake:1:  layout_misc_corridors, nicolae_integral_box
Snake:2:  layout_onion_interference
Snake:3:  nicolae_snake_hallway, layout_onion, serial_shops, shop,
          nicolae_shop_i_like_small_books_too, nicolae_shop_firing_range
Snake:4:  grunt_snake_rune_pools, layout_onion, grunt_megastairs_1
Slime:1:  cheibrodos_slime_lost_civilization_3, layout_caves
Slime:2:  layout_caves
Slime:3:  layout_caves
Slime:4:  layout_caves
Slime:5:  slime_pit_nicolae_amoeboid
Orc:1:    nicolae_orc_accident_1, layout_diamond_mine
Orc:2:    st_orc_open, layout_caves, basic_altar
Elf:1:    elf_arrival_002, layout_rooms,
          ploomutoo_gammafunk_ghost_potion_laboratory, serial_shops,
          nicolae_shop_back_alley_shop, nicolae_shop_industrial_runoff,
          basic_altar, lightli_enter_wizlab_magi_temple,
          minmay_elf_annihilation, columned_hall_lemuel, uniq_aizul, uniq_kirke,
          uniq_norris, uniq_louise
Vaults:1: grunt_vaults_funnel, vaults_room_large_hall, v_misc_26,
          nicolae_vaults_back_hallway, st_more_cells,
          nicolae_vaults_diagonal_hallway_9, nicolae_vaults_ninety_degrees,
          vaults_room_fours, nicolae_vaults_closet_pinwheel_5,
          layout_vaults_omnigrid, serial_shops,
          nicolae_shop_tiny_real_fake_doors
Vaults:2: nicolae_vaults_tetromino_T_1, nicolae_vaults_closet_pinwheel_6,
          nicolae_vaults_little_squares_6, hangedman_vaults_restitches,
          nicolae_vaults_storage_closets_2, nicolae_vaults_shrinking_rooms_1,
          ontoclasm_vaults_chip, nicolae_vaults_doubleplus_tesselated,
          ontoclasm_vaults_claustrophobia, v_alt_pattern_3,
          nicolae_vaults_diagonal_hallway_9, v_misc_13,
          minmay_crypt_entry_simple_box, nicolae_vaults_tetromino_T_2,
          layout_vaults_ring, serial_shops, nicolae_diamond_shop
Vaults:3: nicolae_vaults_circle_grid_b, ontoclasm_vaults_twist,
          nicolae_vaults_trapezoid_lopsided_4, nicolae_vaults_little_squares_1,
          v_misc_5, nicolae_vaults_two_Ls, nooodl_orcs_dogs, v_misc_19,
          nicolae_vaults_double_plus_3, hangedman_vaults_maws,
          nicolae_vaults_what_the_h, v_misc_16, v_misc_1,
          nicolae_vaults_specimen_jars, layout_vaults_omnibox, serial_shops,
          shop
Vaults:4: nicolae_vaults_trapezoid_3, nicolae_vaults_cornered_office,
          nicolae_vaults_spaceships, nicolae_vaults_taking_the_gang_shopping,
          nicolae_vaults_apartment_2, v_misc_3, ontoclasm_vaults_idyll,
          nicolae_vaults_windows_and_doors_thing, v_rooms_1,
          ontoclasm_vaults_loading_screen, layout_vaults_maze_bifur,
          uniq_frederick
Vaults:5
Depths:1: layout_cave_pools, lightli_too_deep, kennysheep_nub, drop_trap,
          minmay_three_doors, uniq_asterion
Depths:2: hellmonk_hyper_hexagons [hex_subvault_big_grid, hex_subvault_filled,
          hex_subvault_dug_out, hex_subvault_narrow,
          hex_subvault_ellipse_pattern, hex_subvault_crossings], pan_entry,
          hell_entry
Depths:3: minmay_triangles_in_corner, layout_honeycomb, enter_ziggurat_c,
          kennysheep_boxes, abyss_entry_flame_altar, hellmouth_1,
          nicolae_sif_muna_little_library
WizLab:   wizlab_iskenderun

Skill      XL: |  1  2  3  4  5  6  7  8  9 10 11 12 13 14 15 16 17 18 19 20 21 22 23 24 |
---------------+-------------------------------------------------------------------------+-----
Spellcasting   | 5 6 7 8 9 10 11 12 13 14 15 16 17 | 17.7
Invocations    | 1 2 3 4 5 6 7 8 9 10 11 12 13 14 15 16 17 18 | 18.5
Fighting       | 1 2 3 5 6 7 8 9 10 11 12 13 14 15 16 17 | 17.0
Short Blades   | 1 2 3 5 6 7 8 9 10 11 12 13 14 15 16 17 | 17.0
Long Blades    | 1 2 3 5 6 7 8 9 10 11 12 13 14 15 16 17 | 17.0
Axes           | 1 2 3 5 6 7 8 9 10 11 12 13 14 15 16 17 | 17.0
Maces & Flails | 1 2 3 5 6 7 8 9 10 11 12 13 14 15 16 17 | 17.0
Polearms       | 1 2 3 5 6 7 8 9 10 11 12 13 14 15 17 18 | 18.1
Staves         | 1 2 3 5 6 7 8 9 10 11 12 13 14 15 16 17 | 17.0
Ranged Weapons | 1 2 3 5 6 7 8 9 10 11 12 13 14 15 16 17 | 17.0
Throwing       | 1 2 3 5 6 7 8 9 10 11 12 13 14 15 16 17 | 17.0
Armour         | 1 2 3 5 6 7 8 9 10 11 12 13 14 15 16 17 | 17.0
Shields        | 1 2 3 5 6 7 8 9 10 11 12 13 14 15 16 17 | 17.0
Unarmed Combat | 1 2 3 5 6 7 8 9 10 11 12 13 14 15 16 17 | 17.0
Evocations     | 1 2 3 5 6 7 8 9 10 11 12 13 14 15 16 17 | 17.0
Shapeshifting  | 1 2 3 4 5 6 7 8 9 10 11 12 13 14 15 | 15.7
Hexes          | 1 2 3 4 5 6 7 8 9 10 11 12 13 14 | 14.5
Summonings     | 1 2 3 4 5 6 7 8 9 10 11 12 13 14 | 14.5
Necromancy     | 1 2 3 4 5 6 7 8 9 10 11 12 13 14 | 14.5
Translocations | 1 2 3 4 5 6 7 8 9 10 11 12 13 14 | 14.5
Fire Magic     | 1 2 3 4 5 6 7 8 9 10 11 12 13 14 | 14.5
Ice Magic      | 1 2 3 4 5 6 7 8 9 10 11 12 13 14 | 14.5
Air Magic      | 1 2 3 4 5 6 7 8 9 10 11 12 13 14 | 14.5
Earth Magic    | 1 2 3 4 5 6 7 8 9 10 11 12 13 14 | 14.5
Alchemy        | 1 2 3 4 5 6 7 8 9 10 11 12 13 14 | 14.5
Dodging        | 5 6 7 8 9 10 11 12 13 14 15 16 17 | 17.6
Stealth        | 5 6 7 8 9 10 11 12 13 14 15 16 17 | 17.5
Conjurations   | 8 9 10 11 12 13 14 15 16 17 | 17.2

Action                     |  1- 3 |  4- 6 |  7- 9 | 10-12 | 13-15 | 16-18 | 19-21 | 22-24 || total
---------------------------+-------+-------+-------+-------+-------+-------+-------+-------++-------
  Melee: Unarmed           |       |     5 |       |       |       |       |       |       ||     5
         Mace              |       |     2 |    28 |    18 |       |       |       |       ||    48
         Bite              |       |     1 |     5 |    37 |    93 |   144 |   194 |   272 ||   746
         Broad axe         |       |       |       |   196 |   551 |   880 |   925 |  1112 ||  3664
         Punch             |       |       |       |    13 |    42 |       |       |       ||    55
         Scimitar          |       |       |       |       |       |    27 |       |       ||    27
         Demon whip        |       |       |       |       |       |       |    14 |       ||    14
  Throw: Javelin           |     2 |       |     6 |     4 |     5 |     3 |       |       ||    20
         Dart              |       |       |       |     1 |       |       |       |       ||     1
   Cast: Magic Dart        |    80 |    74 |   147 |    85 |    83 |   132 |    22 |    28 ||   651
         Searing Ray       |     1 |     7 |    23 |    15 |    19 |    27 |     7 |     1 ||   100
         Iskenderun's Myst |       |       |    26 |    62 |   124 |   157 |    88 |    75 ||   532
         Sticky Flame      |       |       |       |    17 |    43 |    65 |    31 |     5 ||   161
         Freezing Cloud    |       |       |       |       |       |    22 |    59 |    42 ||   123
         Summon Cactus Gia |       |       |       |       |       |    16 |    12 |     7 ||    35
         Borgnjor's Vile C |       |       |       |       |       |       |     1 |    29 ||    30
         Lehudib's Crystal |       |       |       |       |       |       |       |    98 ||    98
         Ignite Poison     |       |       |       |       |       |       |       |     1 ||     1
 Invoke: Slouch            |       |       |       |     3 |     6 |     3 |     8 |    14 ||    34
         Step From Time    |       |       |       |       |       |       |     1 |     3 ||     4
  Evoke: Wand              |       |       |     3 |    18 |    19 |    16 |     3 |    19 ||    78
         Phantom mirror    |       |       |       |       |     1 |       |       |       ||     1
         Box of beasts     |       |       |       |       |       |     1 |       |       ||     1
         Lightning rod     |       |       |       |       |       |     1 |       |     2 ||     3
         Condenser vane    |       |       |       |       |       |       |     1 |       ||     1
    Use: Scroll            |       |     5 |     4 |    20 |     5 |    17 |     9 |    23 ||    83
         Potion            |       |     3 |     1 |     8 |     3 |     1 |     3 |    12 ||    31
   Stab: Sleeping          |       |       |     3 |    15 |    13 |    15 |    24 |    12 ||    82
         Invisible         |       |       |       |     6 |       |     2 |       |       ||     8
         Distracted        |       |       |       |     5 |    17 |     5 |     3 |    10 ||    40
         Petrified         |       |       |       |       |       |     2 |       |       ||     2
         Petrifying        |       |       |       |       |       |     1 |       |       ||     1
         Confused          |       |       |       |       |       |       |     2 |       ||     2
         Paralysed         |       |       |       |       |       |       |     1 |       ||     1
 Armour: Robe              |     7 |    17 |    76 |     3 |       |       |       |       ||   103
         Steam dragon scal |       |       |       |   179 |   125 |       |       |       ||   304
         Chain mail        |       |       |       |       |   465 |   595 |       |       ||  1060
         Animal skin       |       |       |       |       |       |    47 |   371 |       ||   418
         Plate armour      |       |       |       |       |       |       |   195 |   155 ||   350
         Acid dragon scale |       |       |       |       |       |       |       |   411 ||   411
  Dodge: Dodged            |     5 |    23 |    91 |   273 |   660 |   618 |   560 |   741 ||  2971
  Block: Other             |       |       |       |    40 |   151 |       |       |       ||   191
         Reflection        |       |       |       |     7 |    11 |   111 |    73 |   106 ||   308
         Buckler           |       |       |       |       |    98 |   887 |   752 |   865 ||  2602
